 Dungeon Crawl Stone Soup version 0.28-a0-863-g8cecda6153 (webtiles) character file.

Game seed: 18224393634395256891

3529 horus123 the Covert (level 9, 0/49 HPs)
             Began as a Deep Elf Fire Elementalist on Nov 19, 2021.
             Was an Initiate of Dithmenos.
             Slain by a green ugly thing (10 damage)
             ... on level 8 of the Dungeon.
             The game lasted 00:23:36 (9280 turns).

horus123 the Covert (Deep Elf Fire Elementalist)    Turns: 9280, Time: 00:23:37

Health: 0/49       AC:  9    Str:  5    XL:     9   Next: 82%
Magic:  2/21       EV: 12    Int: 23    God:    Dithmenos [......]
Gold:   177        SH:  0    Dex: 16    Spells: 8/22 levels left

rFire   + . .      SeeInvis .   n - +4 dagger (flame)
rCold   . . .      Faith    .   (no shield)
rNeg    . . .      Spirit   .   a - +1 robe
rPois   .          Reflect  .   f - +2 hat
rElec   .          Harm     .   o - +2 cloak {Stlth+}
rCorr   .          Rampage  .   (no gloves)
Will    +....                   r - +0 pair of boots
Stlth   +++++.....              k - amulet of magic regeneration
HPRegen 0.16/turn               i - ring of protection from fire
MPRegen 0.42/turn               t - ring of willpower

@: lethally poisoned (0 -> -33), horrified
A: cowardly
a: Renounce Religion


You were on level 8 of the Dungeon.
You worshipped Dithmenos.
Dithmenos was noncommittal.
You visited 2 branches of the dungeon, and saw 9 of its levels.

You collected 334 gold pieces.
You spent 157 gold pieces at shops.

Inventory:

Hand Weapons
 m - a +0 long sword
 n - a +4 dagger of flaming (weapon)
 x - a +4 great sword of freezing
Armour
 a - a +1 robe (worn)
 f - a +2 hat (worn)
 o - a +2 cloak of stealth (worn)
 r - a +0 pair of boots (worn)
Jewellery
 i - a ring of protection from fire (left hand)
 k - an amulet of magic regeneration (around neck)
 s - an amulet of guardian spirit
 t - a ring of willpower (right hand)
 y - a +4 ring of evasion
Wands
 c - a wand of iceblast (5)
 u - a wand of charming (7)
 w - a wand of flame (22)
Scrolls
 b - a scroll of teleportation
 p - 3 scrolls of torment
 z - a scroll of identify
Potions
 d - a potion of brilliance {unknown}
 e - a potion of resistance {unknown}
 g - 2 potions of degeneration {unknown}
 h - a potion of mutation {unknown}
 j - 4 potions of flight
 l - a potion of magic
 q - 5 potions of haste {unknown}
 v - a potion of lignification {unknown}


   Skills:
 + Level 2.5 Fighting
 - Level 3.4 Short Blades
 - Level 2.4 Dodging
 - Level 9.1 Stealth
 - Level 7.0 Spellcasting
 - Level 5.1 Conjurations
 - Level 9.1 Translocations
 - Level 5.0 Fire Magic


You had 8 spell levels left.
You knew the following spells:

 Your Spells              Type           Power      Damage    Failure   Level
a - Foxfire               Conj/Fire      96%        2x1d8     1%          1
b - Scorch                Fire           46%        2d7       1%          2
c - Flame Wave            Conj/Fire      24%        3d6       10%         4
d - Manifold Assault      Tloc           38%        N/A       4%          5
e - Blink                 Tloc           76%        N/A       1%          2

Your spell library contained the following spells:

 Spells                   Type           Power      Damage    Failure   Level
 Lesser Beckoning         Tloc           38%        N/A       1%          3
 Conjure Flame            Conj/Fire      24%        6-21      2%          3
 Portal Projectile        Hex/Tloc       44%        N/A       3%          3
 Inner Flame              Hex/Fire       15%        N/A       9%          3
 Call Canine Familiar     Summ           6%         N/A       22%         3
 Leda's Liquefaction      Hex/Erth       3%         N/A       58%         4


Dungeon Overview and Level Annotations

Branches:
Dungeon (8/15)             Temple (1/1) D:4
   Lair: D:8-11

Altars:
Ashenzari
Cheibriados
Dithmenos
Elyvilon
Fedhas
Gozag
Hepliaklqana
Kikubaaqudgha
Makhleb
Nemelex Xobeh
Okawaru
Qazlal
Ru
Sif Muna
Trog
Xom
Yredelemnul
Zin
The Shining One

Shops:
D:4 *

Annotations:
D:8 Prince Ribbit


Innate Abilities, Weirdness & Mutations

Your cowardice makes you less effective in combat with threatening monsters.


Message History

The bullfrog hits you! The green ugly thing trunk-slaps you.
A wave of flame ripples out!
The flame wave engulfs the green ugly thing!
The green ugly thing is heavily wounded.
The flame wave engulfs the bullfrog!
The bullfrog is almost dead.
The flame wave engulfs Prince Ribbit!
Prince Ribbit is heavily wounded.
The bullfrog hits you. The green ugly thing barely misses you.
The bullfrog barely misses you.
A wave of flame ripples out!
The flame wave engulfs the green ugly thing.
The green ugly thing is heavily wounded.
The flame wave engulfs the bullfrog!
You kill the bullfrog!
Dithmenos accepts your kill.
The flame wave engulfs Prince Ribbit!
Prince Ribbit is severely wounded.
You finish channelling waves of flame.
The green ugly thing trunk-slaps you but does no damage.
Prince Ribbit blinks!
Casting: Flame Wave (quite dangerous; 10% risk of failure)
Confirm with . or Enter, or press ? or * to list all spells.
The spell is quite dangerous to cast (10% risk of failure)!
Continue anyway?
Casting: Flame Wave (quite dangerous; 10% risk of failure)
Press: ? - help, Dir - look around, f - activate A wave of flame ripples out!
The flame wave engulfs the green ugly thing!
The green ugly thing is heavily wounded. (Press . to intensify the flame waves.)
The green ugly thing trunk-slaps you!
You are lethally poisoned!
The green ugly thing poisons you!
A wave of flame ripples out!
The flame wave engulfs the green ugly thing!
The green ugly thing is severely wounded.
* * * LOW HITPOINT WARNING * * *
You feel extremely sick. The green ugly thing trunk-slaps you!
You die...

#F.# #..#
#..# #..#
#..## ...
##### #.#
......###<#
.......u@.#
###########


You could see a green ugly thing.

Vanquished Creatures
  Grinder (D:3)
  6 yaks
  Menkaure (D:5)
  A water moccasin (D:7)
  A black bear (D:5)
  A hornet zombie (D:6)
  2 sky beasts
  2 ogres
  2 centaurs (D:6)
  4 phantoms
  A bullfrog (D:8)
  A gnoll sergeant (D:7)
  Blork the orc (D:5)
  2 water moccasin zombies
  A howler monkey (D:4)
  4 wights (D:7)
  A bullfrog skeleton (D:6)
  A bullfrog zombie (D:6)
  2 hounds
  2 orc priests
  3 centaur skeletons
  4 iguanas
  A scorpion zombie (D:5)
  4 orc wizards
  A hound zombie (D:5)
  A hound skeleton (D:5)
  A howler monkey zombie (D:7)
  7 gnolls
  A howler monkey skeleton (D:7)
  7 adders
  2 shadow imps
  An ufetubus (D:7)
  2 worms
  10 dart slugs
  8 orcs
  4 endoplasms
  7 giant cockroaches
  9 goblins
  6 hobgoblins
  3 quokkas
  10 ball pythons
  7 bats
  3 frilled lizards
  8 kobolds
  4 rats
151 creatures vanquished.

Vanquished Creatures (others)
  20 foxfires
  7 plants
27 creatures vanquished.

Grand Total: 178 creatures vanquished

Notes
Turn   | Place    | Note
-------+----------+-------------------------------------------
     0 | D:1      | horus123 the Deep Elf Fire Elementalist began the quest for
                  | the Orb.
     0 | D:1      | Reached XP level 1. HP: 10/10 MP: 6/6
   295 | D:1      | Reached XP level 2. HP: 2/15 MP: 0/8
   543 | D:1      | Learned a level 2 spell: Scorch
   993 | D:1      | Reached XP level 3. HP: 19/19 MP: 0/9
  1207 | D:1      | Found a faded altar of an unknown god.
  1908 | D:2      | Reached skill level 5 in Fire Magic
  3134 | D:3      | Reached XP level 4. HP: 24/24 MP: 8/11
  3139 | D:3      | Learned a level 4 spell: Flame Wave
  3215 | D:3      | Noticed Grinder
  3225 | D:3      | Killed Grinder
  3226 | D:3      | Reached XP level 5. HP: 11/28 MP: 0/16
  3595 | D:3      | Reached XP level 6. HP: 32/32 MP: 0/18
  4187 | D:4      | Found a staircase to the Ecumenical Temple.
  4339 | Temple   | Entered the Ecumenical Temple
  4474 | Temple   | Became a worshipper of Ru the Awakened
  4650 | D:4      | Found Libybbou's Assorted Antiques.
  4656 | D:4      | Reached XP level 7. HP: 32/36 MP: 13/19
  4691 | D:4      | Bought a runed cloak for 157 gold pieces
  4758 | D:4      | Reached skill level 5 in Conjurations
  4770 | D:4      | Reached skill level 1 in Short Blades
  5335 | D:5      | Entered Level 5 of the Dungeon
  5336 | D:5      | Noticed a yak
  5338 | D:5      | Noticed a yak
  5342 | D:5      | Noticed a yak
  5351 | D:4      | Killed a yak
  5510 | D:4      | Killed a yak
  5631 | D:4      | Killed a yak
  5632 | D:4      | Reached skill level 5 in Stealth
  5632 | D:4      | Reached XP level 8. HP: 40/41 MP: 11/20
  5792 | D:5      | Noticed Menkaure
  5805 | D:5      | Noticed Blork the orc
  5806 | D:5      | Killed Menkaure
  5808 | D:5      | Killed Blork the orc
  6023 | D:5      | Learned a level 5 spell: Manifold Assault
  6026 | D:5      | Learned a level 2 spell: Blink
  7007 | D:6      | Reached XP level 9. HP: 45/45 MP: 21/21
  7062 | D:6      | Reached skill level 5 in Translocations
  7619 | D:6      | Gained mutation: Your cowardice makes you less effective in
                  | combat with threatening monsters. [Ru sacrifice]
  7619 | D:6      | Reached * piety under Ru
  8694 | D:7      | Found a shadowy altar of Dithmenos.
  8698 | D:7      | Reached skill level 1 in Fighting
  8702 | D:7      | Fell from the grace of Ru
  8702 | D:7      | Became a worshipper of Dithmenos the Shadowed
  9266 | D:8      | Noticed Prince Ribbit
  9266 | D:8      | Noticed a green ugly thing
  9280 | D:8      | Slain by a green ugly thing

Illustrated notes

Levels and vault maps discovered:
D:1:      lightli_arrival_statuegarden, layout_loops_ring,
          shapermc_ecumenical_altar_ellora
D:2:      minmay_evil_eye, layout_basic
D:3:      layout_basic, uniq_grinder
D:4:      layout_loops_ring, minmay_temple_entry_slanted, serial_shops,
          nicolae_shop_stone, serial_forest, infiniplex_forest_clump_large,
          infiniplex_forest_lined_3_way, infiniplex_forest_clump_double,
          infiniplex_forest_split, infiniplex_forest_end_double,
          infiniplex_forest_clump_small, infiniplex_forest_clump_cross,
          infiniplex_forest_clump_large, infiniplex_forest_clump_double
D:5:      layout_loops_ring, chequers_decorated_corner, minmay_crossroads,
          uniq_menkaure, uniq_blork_the_orc
D:6:      layout_rooms, enter_ossuary_2, kennysheep_nub
D:7:      layout_cave_pods, grunt_dithmenos_shadows
D:8:      layout_loops_ring, serial_bayou_lake_a, uniq_maurice,
          uniq_prince_ribbit1
Temple:   mainiacjoe_temple_coin_purse

Skill      XL: |  1  2  3  4  5  6  7  8  9 |
---------------+----------------------------+-----
Fire Magic     | 4 5 |  5.0
Spellcasting   | 7 |  7.0
Conjurations   | 4 5 |  5.1
Short Blades   | 3 |  3.4
Stealth        | 5 9 |  9.1
Translocations | 4 9 |  9.1
Fighting       | 2 |  2.5
Dodging        | |  2.4

Action                   |  1- 3 |  4- 6 |  7- 9 || total
-------------------------+-------+-------+-------++-------
Melee: Unarmed           |     3 |     1 |       ||     4
       Dagger            |       |     3 |    31 ||    34
 Cast: Foxfire           |    14 |     2 |       ||    16
       Scorch            |    52 |    53 |   149 ||   254
       Flame Wave        |       |       |     8 ||     8
       Manifold Assault  |       |       |     4 ||     4
Invok: Sacrifice Courage |       |       |     1 ||     1
Evoke: Wand              |       |     2 |     2 ||     4
  Use: Scroll            |     7 |     3 |    12 ||    22
       Potion            |       |       |     4 ||     4
 Stab: Sleeping          |       |       |     6 ||     6
Armor: Robe              |    11 |     7 |    27 ||    45
Dodge: Dodged            |    21 |    12 |    69 ||   102

Table legend: (Time is in decaauts)
 A = Elapsed time spent in this place.
 B = Non-inter-level travel time spent in this place.
 C = Inter-level travel time spent in this place.
 D = Time resting spent in this place.
 E = Time spent auto-exploring this place.
 F = Levels seen in this place.
 G = Mean time per level.
                   A        B        C        D        E       F      G
               +--------+--------+--------+--------+--------+-----+--------+
         Total |   9276 |   9101 |    175 |   2541 |   5381 |   9 | 1030.7 |
       Dungeon |   9127 |   8965 |    162 |   2541 |   5316 |   8 | 1140.9 |
        Temple |    148 |    135 |     13 |      0 |     65 |   1 |  148.0 |
               +--------+--------+--------+--------+--------+-----+--------+

Top non-repeatable levels by time:
     D:1: 1659 daAuts
     D:4: 1623 daAuts
     D:5: 1328 daAuts
     D:2: 1278 daAuts
     D:6: 1261 daAuts
     D:7: 1031 daAuts
     D:3: 932 daAuts
  Temple: 148 daAuts
     D:8: 13 daAuts
